 Dungeon Crawl Stone Soup version 0.23.0 (webtiles) character file.

Game seed: 2166422894830583750

868 Kondrat the Blocker (level 8, -3/65 HPs)
             Began as a Formicid Fighter on Feb 9, 2019.
             Slain by an ogre
             ... wielding a +0 giant spiked club
              (17 damage)
             ... on level 5 of the Dungeon.
             The game lasted 00:08:30 (4314 turns).

Kondrat the Blocker (Formicid Fighter)              Turns: 4314, Time: 00:08:30

Health: -3/65      AC:  9    Str: 28    XL:     8   Next: 23%
Magic:  8/8        EV:  8    Int:  9    God:
Gold:   375        SH: 12    Dex: 10    Spells: 7/7 levels left

rFire    . . .     SeeInvis +   a - +0 quarterstaff
rCold    . . .     Gourm    .   c - +0 shield
rNeg     . . .     Faith    .   e - +0 chain mail
rPois    .         Spirit   .   (helmet unavailable)
rElec    .         Reflect  .   (no cloak)
rCorr    .         Harm     .   (no gloves)
MR       .....                  (no boots)
Stlth    ..........             i - amulet of regeneration
HPRegen  0.60/turn              t - +6 ring of strength
MPRegen  0.11/turn              (no ring)

@: no status effects
A: permanent stasis, dig shafts and tunnels, four strong arms, antennae 3
a: Dig, Shaft Self


You were on level 5 of the Dungeon.
You were hungry.

You visited 1 branch of the dungeon, and saw 5 of its levels.
You also visited: Sewer.

You collected 375 gold pieces.

Inventory:

Hand Weapons
 a - a +0 quarterstaff (weapon)
 o - a +0 war axe
Armour
 c - a +0 shield (worn)
 e - a +0 chain mail (worn)
Jewellery
 i - an amulet of regeneration (around neck)
 r - an uncursed ring of magical power {unknown}
 t - a +6 ring of strength (left hand)
Scrolls
 b - a scroll of enchant weapon {unknown}
 g - 2 scrolls of remove curse
 h - a scroll of magic mapping {unknown}
 p - a scroll of identify {unknown}
 v - a scroll of enchant armour {unknown}
 x - a scroll of fog {unknown}
Potions
 d - 3 potions of might
 j - a potion of agility {unknown}
 k - 6 potions of heal wounds {unknown}
 l - a potion of invisibility {unknown}
 m - 2 potions of degeneration {unknown}
 n - 2 potions of lignification {unknown}
 q - 6 potions of curing {unknown}
 s - a potion of haste {unknown}
 u - 2 potions of brilliance {unknown}
 w - a potion of magic {unknown}
Comestibles
 f - 10 rations


   Skills:
 + Level 6.9 Fighting
 - Level 2.0 Staves
 - Level 3.3 Armour
 - Level 9.0 Shields


You had 7 spell levels left.
You didn't know any spells.
Your spell library was empty.

Dungeon Overview and Level Annotations

Branches:
Dungeon (5/15)
 Temple: D:4-7

Altars:
Ashenzari
Cheibriados
Gozag
Kikubaaqudgha
Trog
Uskayaw
Vehumet
Wu Jian
Xom


Innate Abilities, Weirdness & Mutations

You cannot be hasted, slowed, berserked, paralysed or teleported.
You can dig through walls and to a lower floor.
Your four strong arms can wield two-handed weapons with a shield.
You have a pair of large antennae on your head. (SInv)


Message History

You sock the goblin!
You kill the goblin!
You sock the goblin!
You kill the goblin!
You closely miss the goblin. You block the goblin's attack.
You sock the goblin!
You kill the goblin!
You hit the goblin.
You kill the goblin!
You sock the ogre!
The ogre is heavily wounded.
The ogre hits you with a +0 giant spiked club!!
You completely miss the ogre.
The ogre is heavily wounded.
The ogre hits you with a +0 giant spiked club!!
* * * LOW HITPOINT WARNING * * *
You hit the ogre but do no damage.
The ogre is heavily wounded.
The ogre hits you with a +0 giant spiked club!
You die...

### ##@# #O## ###
#########{### ###
..#
#........gg.#.g.#
#.#
#...........'g..#
#.#
###..........##.O.#
#.# #.............#
### #.##
#............##
...# #............#


You could see an ogre.

Vanquished Creatures
  A centaur (D:5)
  2 scorpions (D:4)
  A howler monkey (D:4)
  A crimson imp (D:5)
  3 hounds (D:4)
  A bullfrog skeleton (D:5)
  2 orc priests (D:4)
  3 orc wizards
  2 iguanas
  2 worker ants
  A hound skeleton (D:4)
  A worker ant zombie (D:5)
  8 adders
  2 river rats (D:4)
  4 oozes
  An adder skeleton (D:5)
  A worm (D:3)
  4 dart slugs
  4 leopard geckos
  11 orcs
  4 giant cockroaches
  15 goblins
  7 hobgoblins
  2 jackals (D:2)
  A quokka (D:2)
  A ball python (D:4)
  12 bats
  6 frilled lizards
  21 kobolds
  15 rats
139 creatures vanquished.

Notes
Turn   | Place    | Note
-------+----------+-------------------------------------------
     0 | D:1      | Kondrat the Formicid Fighter began the quest for the Orb.
     0 | D:1      | Reached XP level 1. HP: 18/18 MP: 1/1
    83 | D:1      | Reached skill level 4 in Shields
   404 | D:1      | Found a shimmering altar of Xom.
   435 | D:1      | Reached XP level 2. HP: 24/24 MP: 2/2
   496 | D:1      | You fall through a shaft!
   585 | D:2      | Reached XP level 3. HP: 29/29 MP: 3/3
   665 | D:2      | Reached skill level 5 in Shields
   757 | D:2      | Found a snail-covered altar of Cheibriados.
   830 | D:2      | Found a shattered altar of Ashenzari.
  1161 | D:2      | Reached XP level 4. HP: 35/35 MP: 4/4
  1755 | D:1      | Reached skill level 6 in Shields
  2068 | D:3      | Found a bloodstained altar of Trog.
  2242 | D:3      | Reached XP level 5. HP: 41/41 MP: 5/5
  2315 | D:3      | Found an opulent altar of Gozag.
  2552 | D:3      | Reached skill level 7 in Shields
  2921 | D:4      | Reached XP level 6. HP: 44/47 MP: 6/6
  2929 | D:4      | Reached skill level 8 in Shields
  2982 | D:4      | Reached XP level 7. HP: 38/52 MP: 7/7
  3066 | D:4      | Reached skill level 9 in Shields
  3067 | D:4      | Found a glowing drain.
  3074 | Sewer    | Entered a sewer
  3547 | D:4      | Reached skill level 5 in Fighting
  3759 | D:4      | Found a radiant altar of Vehumet.
  3858 | D:4      | Found an ornate altar of the Wu Jian Council.
  3938 | D:5      | Entered Level 5 of the Dungeon
  4006 | D:5      | Reached XP level 8. HP: 42/64 MP: 8/8
  4008 | D:5      | Noticed a +0 hand axe
  4008 | D:5      | Noticed a +0 hand axe
  4045 | D:5      | Found a hide-covered altar of Uskayaw.
  4085 | D:5      | Found an ancient bone altar of Kikubaaqudgha.
  4314 | D:5      | Slain by an ogre

Skill      XL: |  1  2  3  4  5  6  7 |
---------------+----------------------+-----
Shields        | 4 5 6 7 8 9 |  9.0
Fighting       | 6 |  6.9
Staves         | |  2.0
Armour         | |  3.3

Action                   |  1- 3 |  4- 6 |  7- 9 || total
-------------------------+-------+-------+-------++-------
Melee: Quarterstaff      |   132 |   180 |   250 ||   562
 Abil: Shaft Self        |     1 |       |       ||     1
       Dig               |     2 |     1 |     3 ||     6
  Use: Scroll            |       |       |     3 ||     3
  Eat: Chunk             |     1 |     6 |     6 ||    13
Armor: Chain mail        |    64 |    79 |   106 ||   249
Dodge: Dodged            |    25 |    35 |    63 ||   123
Block: Shield            |    81 |    92 |   185 ||   358
